AoeStats
← Rupi the wise

Lombardia

509618334Analyzed
3v3 RM · 6d ago on Sep 27, 2026· 70m 13s· 6 players
Game mode
Random Map
Map size
Normal (6 player)
Population
200
Speed
Normal
Resources
Standard
Victory
Conquest
Starting age
Dark Age
Ending age
Imperial Age
RankedLock teamsTeams togetherTeam positionsShared explorationLock speedFull tech treeHidden civsTurbo modeCheats
Victory
Defeat
🇦🇹 Bohemians · Austria
960
+20
🇦🇹 Britons · Austria
946
+21
🇦🇹 Mongols · Austria
946
+21
🇦🇷 Saxons · Argentina
1088
-22
🇦🇷 Spanish · Argentina
1064
-21
🇦🇷 Franks · Argentina
1005
-19
Flips01
10:58 Feudal Age
14:33 Castle Age
13:41 Fletching
13:41 Loom
14:28 Double-Bit Axe
14:36 Stone Mining
14:38 Gold Mining
16:05 Horse Collar
26:00 Forging
25:48 Bodkin Arrow
26:15 Ballistics
29:01 Padded Archer Armor
30:20 Gold Shaft Mining
30:23 Stone Shaft Mining
30:16 Bow Saw
30:06 Town Watch
30:13 Horse Collar
32:00 Heavy Plow
36:43 Imperial Age
34:53 Wheelbarrow
38:03 Forging
37:55 Bracer
38:11 Leather Archer Armor
39:29 Conscription
40:32 Chemistry
39:41 Scale Barding Armor
39:46 Forging
40:57 Bloodlines
40:47 Husbandry
40:09 Light Cavalry
41:34 Elite Mangudai
43:46 Thumb Ring
44:08 Parthian Tactics
44:12 Hussar
49:30 Chain Barding Armor
49:46 Iron Casting
50:22 Capped Ram
51:33 Drill
52:06 Siege Ram
56:20 Hand Cart
56:06 Town Patrol
57:21 Pikeman
58:01 Squires
Alphi0815
11:41 Feudal Age
15:02 Castle Age
12:49 Double-Bit Axe
16:32 Bow Saw
17:42 Wheelbarrow
16:53 Loom
22:35 Padded Archer Armor
24:01 Hand Cart
24:18 Gold Mining
25:48 Leather Archer Armor
25:23 Fletching
26:27 Horse Collar
27:08 Stone Mining
27:56 Gold Shaft Mining
27:18 Town Watch
31:39 Imperial Age
29:59 Bodkin Arrow
32:15 Yeomen
34:29 Ballistics
34:07 Elite Longbowman
40:41 Hoardings
42:08 Ring Archer Armor
41:39 Bracer
43:31 Chemistry
44:13 Two-Man Saw
43:17 Heavy Plow
63:18 Caravan
Raffizaffi
11:12 Feudal Age
15:16 Castle Age
14:26 Double-Bit Axe
14:46 Loom
17:56 Bow Saw
21:20 Bow Saw
21:35 Town Watch
23:03 Wheelbarrow
22:24 Horse Collar
31:22 Imperial Age
31:20 Chemistry
32:42 Heavy Plow
34:00 Two-Man Saw
34:18 Siege Engineers
34:41 Elite Hussite Wagon
36:03 Pikeman
37:01 Forging
36:51 Scale Mail Armor
37:40 Conscription
38:09 Hand Cart
38:57 Halberdier
40:55 Iron Casting
40:36 Chain Mail Armor
42:15 Houfnice
46:57 Blast Furnace
49:40 Fervor
56:26 Squires
60:03 Caravan
elrudy
9:25 Loom
11:14 Feudal Age
12:40 Double-Bit Axe
13:36 Horse Collar
16:38 Castle Age
20:10 Heavy Plow
22:45 Forging
23:14 Pikeman
23:40 Gambesons
23:57 Squires
26:30 Fletching
27:16 Iron Casting
31:24 Imperial Age
29:41 Scale Mail Armor
29:36 Bodkin Arrow
30:32 Wheelbarrow
33:00 Bow Saw
33:12 Chain Mail Armor
32:58 Bracer
36:54 Hand Cart
36:24 Town Watch
37:03 Elite Hearth Troop
39:13 Conscription
41:03 Elite Varangian Guard
42:56 Onager
45:00 Block Printing
46:52 Two-Man Saw
46:36 Town Patrol
60:32 Halberdier
Rupi the wise
11:12 Feudal Age
12:13 Loom
16:04 Castle Age
16:07 Double-Bit Axe
24:44 Wheelbarrow
26:40 Hand Cart
26:33 Gold Mining
29:42 Bow Saw
30:09 Gold Shaft Mining
34:38 Imperial Age
32:46 Stone Mining
32:51 Fletching
33:01 Padded Archer Armor
33:07 Scale Barding Armor
33:23 Fortified Wall
33:34 Ballistics
34:54 Forging
34:39 Bodkin Arrow
35:39 Onager
36:45 Cavalier
37:25 Husbandry
39:09 Paladin
40:11 Conscription
41:33 Iron Casting
40:59 Scale Mail Armor
41:20 Chain Barding Armor
40:51 Pikeman
41:31 Squires
41:17 Arson
44:11 Chemistry
45:26 Elite Skirmisher
55:54 Leather Archer Armor
ferrossi405
8:00 Loom
12:12 Feudal Age
15:52 Castle Age
14:32 Double-Bit Axe
14:33 Horse Collar
25:05 Wheelbarrow
24:15 Town Watch
25:07 Fortified Wall
25:31 Masonry
30:13 Imperial Age
28:12 Bloodlines
28:36 Husbandry
28:51 Forging
29:38 Ballistics
30:10 Scale Barding Armor
30:41 Iron Casting
29:58 Fletching
32:19 Town Patrol
33:49 Cavalier
35:57 Chain Barding Armor
38:24 Blast Furnace
40:34 Plate Barding Armor
39:55 Bodkin Arrow
40:16 Paladin
42:12 Conscription
42:49 Bow Saw
42:45 Heavy Plow
42:38 Gold Mining
42:52 Bracer
42:53 Scale Mail Armor
42:41 Gambesons
42:57 Squires
42:43 Arson
42:22 Man-at-Arms
42:48 Arson
45:47 Hand Cart
49:26 Long Swordsman
51:29 Two-Handed Swordsman
54:01 Hoardings
60:04 Chain Mail Armor
61:25 Champion
62:07 Pikeman
63:20 Plate Mail Armor
Connection lost

Rejoining the realm…

Still unreachable

The connection could not be restored.

Session expired

The server has moved on; the page needs a fresh start.